 Dungeon Crawl Stone Soup version 0.27.0-1-g7a089689b8 (webtiles) character file.

Game seed: 11101630844391744492

4 Spectrina the Magician (level 1, -1/15 HPs)
             Began as a Djinni Necromancer on Aug 17, 2021.
             Slain by a dart slug (3 damage)
             ... on level 3 of the Dungeon.
             The game lasted 00:01:51 (281 turns).

Spectrina the Magician (Djinni Necromancer)          Turns: 281, Time: 00:01:51

Health: -1/15      AC:  2    Str:  7    XL:     1   Next: 77%
Gold:   0          EV: 12    Int: 16    God:
                   SH:  0    Dex: 13

rFire    + + .     SeeInvis .   d - +0 rapier
rCold    x . .     Faith    .   (no shield)
rNeg     . . .     Spirit   .   a - +0 robe
rPois    ∞         Reflect  .   (no helmet)
rElec    .         Harm     .   (no cloak)
rCorr    .         Rampage  .   (no gloves)
Will     .....                  (boots unavailable)
Stlth    ++........             (no amulet)
HPRegen  0.05/turn              (no ring)
MPRegen  0.00/turn              (no ring)

@: flying
A: sickness immunity, fire resistance 2, cold vulnerability 1, float, innate
caster, hp casting, extra vitality 1
a: no special abilities


You were on level 3 of the Dungeon.
You visited 1 branch of the dungeon, and saw 3 of its levels.

Inventory:

Hand Weapons
 d - a +0 rapier (weapon)
Missiles
 b - 15 bolts
 c - 13 stones
 e - 8 javelins
Armour
 a - a +0 robe (worn)
Potions
 f - a potion of cancellation {unknown}


   Skills:
 - Level 2.1 Dodging
 - Level 1.5 Stealth
 + Level 3.4 Spellcasting


You couldn't memorise any spells.
You knew the following spells:

 Your Spells              Type           Power      Damage    Failure   Level
a - Pain                  Necr           52%        1d6       4%          1
b - Animate Skeleton      Necr           26%        N/A       4%          1
c - Vampiric Draining     Necr           6%         2d6       13%         3
d - Animate Dead          Necr           6%         N/A       38%         4
e - Agony                 Necr           13%        N/A       75%         5
Your spell library was empty.

Dungeon Overview and Level Annotations

Branches:
Dungeon (3/15)

Altars:


Innate Abilities, Weirdness & Mutations

You are immune to sickness and miasma.
You are immune to poison.
Your flesh is very heat resistant. (rF++)
You are vulnerable to cold. (rC-)
You float through the air rather than walking.
You learn spells naturally, not from books.
Your magical power is your life essence.
You have superior vitality. (+4 HP)


Message History

Aim: a hobgoblin (asleep, chance to affect: 83%)
The hobgoblin shouts!
The hobgoblin writhes in agony.
* * * LOW HITPOINT WARNING * * *
Unknown command.
Casting: Pain (safe; 4% risk of failure)
Confirm with . or Enter, or press ? or * to list all spells.
Aiming: Pain (safe; 4% risk of failure)
Press: ? - help, Shift-Dir - straight line, f/p - hobgoblin
Aim: a hobgoblin (moderately wounded, chance to affect: 83%)
The hobgoblin writhes in agony.
* * * LOW HITPOINT WARNING * * *
Unknown command.
There is an open door here.
A kobold comes into view. It is wielding a +0 dagger.
The kobold shouts!
Found a club.
Casting: Pain (safe; 4% risk of failure)
Confirm with . or Enter, or press ? or * to list all spells.
Aiming: Pain (safe; 4% risk of failure)
Press: ? - help, Shift-Dir - straight line, f/p - hobgoblin
Aim: a hobgoblin (moderately wounded, chance to affect: 83%)
The hobgoblin writhes in agony.
* * * LOW HITPOINT WARNING * * *
Unknown command.
There is a stone staircase leading down here.
You fly downwards.
Found 8 javelins.
There is a stone staircase leading up here.
Unknown command.
Found a sapphire potion.
You see here 8 javelins.
e - 8 javelins
f - a sapphire potion A dart slug comes into view.
The helpless dart slug fails to defend itself.
You puncture the dart slug!
The dart slug is almost dead.
The dart slug bites you.
You die...

### #.. #.#
#w# #####@#
#.....#
#.#####
#.##...##
#.......#
######..#
#####..######
#...<........
#.###..######


You could see a dart slug.

Vanquished Creatures
  An endoplasm (D:1)
  A giant cockroach (D:1)
  A hobgoblin (D:1)
  A bat (D:1)
4 creatures vanquished.

Notes
Turn   | Place    | Note
-------+----------+-------------------------------------------
     0 | D:1      | Spectrina the Djinni Necromancer began the quest for the
                  | Orb.
     0 | D:1      | Reached XP level 1. HP: 15/15 MP: 0/0
   281 | D:3      | Slain by a dart slug

Illustrated notes

Levels and vault maps discovered:
D:1:      wander_arrival_chamber, layout_loops_ring, serial_shops,
          nicolae_shop_crystal
D:2:      layout_basic, hellmonk_ecumenical_altar_heavens_door
D:3:      layout_loops_ring, minmay_cupped

Action                   || total
-------------------------++-------
Melee: Rapier            ||     1
 Cast: Pain              ||    15
 Stab: Sleeping          ||     1
Dodge: Dodged            ||     1
